 Dungeon Crawl Stone Soup version 0.26.0-91-g99b343417d (webtiles) character file.

Game seed: 14393391463546276978

186 kreisler the Covert (level 5, -4/35 HPs)
             Began as an Octopode Brigand on Feb 3, 2021.
             Slain by an ogre
             ... wielding a cursed -3 giant club
              (29 damage)
             ... on level 4 of the Dungeon.
             The game lasted 00:09:08 (3427 turns).

kreisler the Covert (Octopode Brigand)              Turns: 3427, Time: 00:09:09

Health: -4/35      AC:  1    Str: 11    XL:     5   Next: 65%
Magic:  5/5        EV: 13    Int: 13    God:
Gold:   170        SH:  0    Dex: 14    Spells: 4/4 levels left

rFire    . . .     SeeInvis .   a - +6 dagger
rCold    . . .     Faith    .   (no shield)
rNeg     . . .     Spirit   .   (helmet restricted)
rPois    .         Reflect  .   (no amulet)
rElec    .         Harm     .   (no ring)
rCorr    .         Rampage  .   (no ring)
Will     .....                  (no ring)
Stlth    +++++.....             (no ring)
HPRegen  0.11/turn              (no ring)
MPRegen  0.09/turn              (no ring)
                                (no ring)
                                (no ring)

@: no status effects
A: almost no armour, stealthy swim, amphibious, 8 rings, constrict 8, camouflage
1, gelatinous body 1
a: no special abilities


You were on level 4 of the Dungeon.
You visited 1 branch of the dungeon, and saw 4 of its levels.

You collected 170 gold pieces.

Inventory:

Hand Weapons
 a - a +6 dagger (weapon)
Missiles
 b - 41 poisoned darts (quivered)
 c - 2 curare-tipped darts
Jewellery
 f - an uncursed amulet of magic regeneration
Wands
 i - a wand of random effects (14)
Scrolls
 d - 2 scrolls of identify
 e - a scroll of amnesia
 h - a scroll of teleportation
 j - a scroll of remove curse


   Skills:
 + Level 2.4 Fighting
 + Level 2.9 Short Blades
 + Level 2.1 Throwing
 + Level 1.4 Dodging
 + Level 8.2 Stealth


You had 4 spell levels left.
You didn't know any spells.
Your spell library was empty.

Dungeon Overview and Level Annotations

Branches:
Dungeon (4/15)
 Temple: D:4-7

Altars:
Okawaru
Wu Jian


Innate Abilities, Weirdness & Mutations

You cannot wear most types of armour.
You are very stealthy in the water. (Stealth+)
You are amphibious.
You can wear up to eight rings at the same time.
You can use your tentacles to constrict eight enemies at once.
Your skin changes colour to match your surroundings (Stealth+).
Your rubbery body absorbs attacks. (AC +1, EV +1)


Message History

A puff of flame appears from out of thin air!
Deactivating autopickup; reactivate with Ctrl-A.
The puff of flame hits you!
Autopickup is now on.
Deactivating autopickup; reactivate with Ctrl-A.
You miss something.
An orc comes into view. It is wielding a +0 club.
Something hits you but does no damage.
You closely miss something.
An orc priest comes into view.
It is wielding a +0 falchion and wearing a +1 leather armour of fire resistance.
You hear some strange, mumbled words.
Something tries to affect you, but you resist.
You barely miss the ogre. You squeeze the ogre, but do no damage.
The ogre completely misses you.
You puncture the ogre!
The ogre is moderately wounded.
Something barely misses you.
The ogre hits you with a cursed -3 giant club!!
Ouch! That really hurt!
You die...

#...## #...<#
#....# #....#
#....## #.....##
.## ##......#
...# ##...)...##
#..# ##.{@.##..(#
#..###..O########
#......##
##...o## #....#
#..o.## #..)..#
#....[)#
#.......o.


You could see an ogre, an orc priest (wandering) and an orc.

Vanquished Creatures
  4 gnolls (D:3)
  6 adders
  A worm (D:2)
  4 dart slugs
  2 leopard geckos
  6 orcs
  2 giant cockroaches (D:1)
  4 goblins
  11 hobgoblins
  A quokka (D:4)
  2 ball pythons
  9 bats
  4 frilled lizards
  12 kobolds
  9 rats
77 creatures vanquished.

Notes
Turn   | Place    | Note
-------+----------+-------------------------------------------
     0 | D:1      | kreisler the Octopode Brigand began the quest for the Orb.
     0 | D:1      | Reached XP level 1. HP: 14/14 MP: 1/1
   233 | D:1      | Reached XP level 2. HP: 18/19 MP: 2/2
   262 | D:1      | Reached skill level 6 in Stealth
   530 | D:1      | Reached XP level 3. HP: 24/24 MP: 3/3
  1684 | D:2      | Reached XP level 4. HP: 29/29 MP: 4/4
  1719 | D:2      | Reached skill level 7 in Stealth
  2328 | D:3      | Reached XP level 5. HP: 35/35 MP: 5/5
  2466 | D:3      | Found an ornate altar of the Wu Jian Council.
  2613 | D:3      | Reached skill level 8 in Stealth
  3108 | D:3      | Found a faded altar of an unknown god.
  3296 | D:3      | Found an iron altar of Okawaru.
  3412 | D:4      | Noticed an ogre
  3427 | D:4      | Slain by an ogre

Illustrated notes

Levels and vault maps discovered:
D:1:      psy_arrival_statuary, layout_basic, grunt_decor_resistance,
          roderic_serpentine_path, minmay_tromino_mix6
D:2:      minmay_wonky_spiral, layout_loops_cross, corexii_shack
D:3:      layout_basic, old_standard_altar, chequers_ecumenical_altar_grove,
          okawaru_gym_becter
D:4:      layout_layer_cave, enter_ossuary_3, corexii_item_surrounded_by_moat,
          sigmund_army

Skill      XL: |  1  2  3  4  5 |
---------------+----------------+-----
Stealth        | 6 7 8 |  8.2
Fighting       | |  2.4
Short Blades   | |  2.9
Throwing       | |  2.1
Dodging        | |  1.4

Action                   |  1- 3 |  4- 6 || total
-------------------------+-------+-------++-------
Melee: Dagger            |    69 |    61 ||   130
       Constrict         |    17 |    12 ||    29
       Tentacles         |     7 |    10 ||    17
Throw: Dart              |       |     1 ||     1
  Use: Potion            |     3 |     2 ||     5
       Scroll            |     2 |     9 ||    11
 Stab: Sleeping          |    18 |    17 ||    35
Armor: Skin              |     4 |     1 ||     5
Dodge: Dodged            |    42 |    34 ||    76
